General information
- name: BNet
- type: Ladder team game (AT/RT)
- host: Battle.net
- saver: 194
map: TwistedMeadows
- players: 4
- length: 78:39
- speed: Fast
- version: 1.23 W3XP
- replay type: Public
» download(288 KB)
Players
team 1 (winner)
194 (
purple | 57 APM | 4498 actions | 78:39)
11 Blademaster
3 Wind Walk
3 Critical Strike
2 Bladestorm
3 Mirror Image
3 Goblin Tinker
2 Pocket Factory
1 Engineering Upgrade
» actions
| Assign group hotkey | 27 | |
| Basic commands | 34 | |
| Build / train | 160 | |
| Enter build submenu | 97 | |
| Enter hero's abilities submenu | 16 | |
| Give item / drop item | 11 | |
| Remove unit from queue | 1 | |
| Right click | 2558 | |
| Select / deselect | 940 | |
| Select group hotkey | 183 | |
| Use ability | 469 | |
4498 total
» units
| Peon | 45 | |
| Troll Batrider | 16 | |
| Demolisher | 14 | |
| Wind Rider | 7 | |
| Raider | 1 | |
83 total
» upgrades
| Spiked Barricades | 1 | |
| Reinforced Defenses | 1 | |
| Burning Oil | 2 | |
| Ranged Weapons | 4 | |
| Envenomed Spears | 1 | |
| Armor | 3 | |
| Ensnare | 1 | |
| Melee Weapons | 2 | |
| Pillage | 1 | |
16 total
» buildings
| Altar of Storms | 1 | |
| Orc Burrow | 7 | |
| War Mill | 1 | |
| Voodoo Lounge | 1 | |
| Watch Tower | 104 | |
| Stronghold | 2 | |
| Fortress | 1 | |
| Beastiary | 5 | |
| Great Hall | 6 | |
| Barracks | 12 | |
140 total
» build order
00:06 Altar of Storms
00:24 Orc Burrow
00:41 War Mill
01:21 Voodoo Lounge
02:04 Orc Burrow
02:29 Watch Tower
02:30 Watch Tower
03:21 Watch Tower
03:54 Stronghold
03:59 Watch Tower
04:07 Watch Tower
04:30 Watch Tower
05:29 Watch Tower
05:30 Watch Tower
05:31 Watch Tower
05:33 Watch Tower
06:14 Watch Tower
06:15 Watch Tower
08:04 Watch Tower
08:05 Watch Tower
08:11 Fortress
09:45 Watch Tower
09:47 Watch Tower
09:48 Watch Tower
09:48 Watch Tower
09:49 Watch Tower
09:51 Watch Tower
09:52 Watch Tower
09:53 Watch Tower
09:56 Beastiary
09:59 Beastiary
12:50 Great Hall
13:18 Great Hall
13:21 Watch Tower
13:22 Watch Tower
13:23 Watch Tower
13:24 Watch Tower
13:26 Watch Tower
13:27 Watch Tower
13:27 Watch Tower
13:28 Watch Tower
14:01 Barracks
14:03 Barracks
15:33 Watch Tower
15:35 Watch Tower
15:36 Watch Tower
15:41 Watch Tower
16:41 Watch Tower
16:41 Watch Tower
16:42 Watch Tower
17:33 Watch Tower
17:33 Watch Tower
17:34 Watch Tower
17:35 Watch Tower
17:36 Watch Tower
17:37 Watch Tower
17:38 Watch Tower
17:39 Watch Tower
17:41 Watch Tower
17:41 Watch Tower
22:57 Orc Burrow
22:57 Orc Burrow
22:57 Orc Burrow
22:59 Orc Burrow
25:16 Watch Tower
25:16 Watch Tower
25:16 Watch Tower
25:19 Watch Tower
25:19 Watch Tower
25:20 Watch Tower
25:20 Watch Tower
25:21 Watch Tower
25:21 Watch Tower
25:22 Watch Tower
31:14 Watch Tower
31:15 Watch Tower
31:15 Watch Tower
31:16 Watch Tower
31:17 Watch Tower
31:17 Watch Tower
31:18 Watch Tower
31:19 Watch Tower
31:20 Watch Tower
31:21 Watch Tower
31:21 Watch Tower
31:22 Watch Tower
31:23 Watch Tower
31:24 Watch Tower
31:25 Watch Tower
31:26 Watch Tower
31:27 Watch Tower
31:28 Watch Tower
31:29 Watch Tower
31:30 Watch Tower
32:42 Great Hall
34:20 Watch Tower
34:21 Watch Tower
34:21 Watch Tower
34:23 Watch Tower
34:23 Watch Tower
34:24 Watch Tower
34:25 Watch Tower
34:26 Watch Tower
34:26 Watch Tower
34:26 Watch Tower
34:28 Watch Tower
34:28 Watch Tower
34:29 Watch Tower
34:29 Watch Tower
34:30 Watch Tower
34:31 Watch Tower
34:33 Watch Tower
37:27 Watch Tower
37:28 Watch Tower
37:29 Watch Tower
37:30 Watch Tower
37:31 Watch Tower
37:32 Watch Tower
37:34 Watch Tower
37:34 Watch Tower
37:35 Watch Tower
37:36 Watch Tower
39:58 Beastiary
40:00 Beastiary
40:01 Beastiary
43:49 Orc Burrow
47:37 Great Hall
47:46 Great Hall
63:47 Barracks
63:48 Barracks
63:51 Barracks
75:04 Barracks
75:05 Barracks
75:06 Barracks
75:12 Barracks
77:37 Great Hall
77:42 Barracks
77:43 Barracks
77:45 Barracks
» items
| Lesser Clarity Potion | 10 | |
| Healing Salve | 8 | |
| Scroll of Speed | 1 | |
| Potion of Healing | 4 | |
| Boots of Speed | 1 | |
| Circlet of Nobility | 1 | |
| Staff of Teleportation | 2 | |
| Potion of Lesser Invulnerability | 1 | |
| Orb of Lightning | 1 | |
| Tiny Great Hall | 2 | |
| Scroll of Town Portal | 3 | |
| Potion of Mana | 2 | |
36 total
TheNumber1-B (
yellow | 115 APM | 1858 actions | 16:05)
5 Blademaster
3 Wind Walk
2 Critical Strike
» actions
| Assign group hotkey | 6 | |
| Basic commands | 18 | |
| Build / train | 56 | |
| ESC pressed | 3 | |
| Enter build submenu | 39 | |
| Enter hero's abilities submenu | 5 | |
| Give item / drop item | 1 | |
| Right click | 782 | |
| Select / deselect | 108 | |
| Select group hotkey | 733 | |
| Use ability | 107 | |
1858 total
» units
» upgrades
| Spiked Barricades | 3 | |
| Reinforced Defenses | 1 | |
| Liquid Fire | 1 | |
5 total
» buildings
| Altar of Storms | 1 | |
| Orc Burrow | 7 | |
| Voodoo Lounge | 2 | |
| War Mill | 2 | |
| Watch Tower | 22 | |
| Stronghold | 3 | |
| Great Hall | 2 | |
| Fortress | 1 | |
| Beastiary | 3 | |
43 total
» build order
00:07 Altar of Storms
00:19 Orc Burrow
00:50 Voodoo Lounge
01:13 War Mill
01:41 Orc Burrow
02:31 Watch Tower
02:57 Watch Tower
02:58 Watch Tower
04:17 Stronghold
04:17 Stronghold
05:12 Watch Tower
05:13 Watch Tower
05:17 Great Hall
05:53 Watch Tower
05:54 Watch Tower
06:03 Voodoo Lounge
06:21 Watch Tower
06:22 Watch Tower
06:43 Fortress
07:37 Watch Tower
07:40 Watch Tower
07:41 Watch Tower
09:25 Watch Tower
09:31 Watch Tower
09:33 Watch Tower
09:35 Orc Burrow
09:38 Watch Tower
09:38 Watch Tower
09:43 Beastiary
10:28 Watch Tower
12:20 Beastiary
12:23 Beastiary
12:26 Orc Burrow
12:28 Orc Burrow
13:40 Watch Tower
13:41 Watch Tower
13:42 Watch Tower
13:55 Great Hall
14:07 War Mill
14:13 Watch Tower
16:00 Orc Burrow
16:01 Orc Burrow
» items
| Healing Salve | 3 | |
| Lesser Clarity Potion | 5 | |
| Circlet of Nobility | 1 | |
| Boots of Speed | 1 | |
| Potion of Healing | 1 | |
| Orb of Lightning | 1 | |
12 total
team 2 (loser)
Ex3cutor (
red | 45 APM | 3560 actions | 78:38)
8 Blademaster
3 Wind Walk
3 Critical Strike
1 Bladestorm
1 Mirror Image
» actions
| Assign group hotkey | 74 | |
| Basic commands | 21 | |
| Build / train | 89 | |
| Enter build submenu | 38 | |
| Enter hero's abilities submenu | 8 | |
| Give item / drop item | 5 | |
| Remove unit from queue | 4 | |
| Right click | 1937 | |
| Select / deselect | 916 | |
| Select group hotkey | 324 | |
| Use ability | 144 | |
3560 total
» units
| Peon | 15 | |
| Grunt | 8 | |
| Demolisher | 5 | |
| Troll Headhunter/Berserker | 14 | |
| Troll Batrider | 8 | |
| Goblin Shredder | 1 | |
| Goblin Zeppelin | 1 | |
52 total
» upgrades
| Pillage | 1 | |
| Melee Weapons | 1 | |
| Armor | 2 | |
| Berserker Strength | 1 | |
| Spiked Barricades | 1 | |
| Burning Oil | 1 | |
| Berserker Upgrade | 1 | |
| Liquid Fire | 1 | |
| Ranged Weapons | 2 | |
| Troll Regeneration | 1 | |
| Reinforced Defenses | 1 | |
13 total
» buildings
| Altar of Storms | 1 | |
| Orc Burrow | 7 | |
| Barracks | 1 | |
| War Mill | 1 | |
| Watch Tower | 17 | |
| Voodoo Lounge | 2 | |
| Stronghold | 1 | |
| Fortress | 1 | |
| Great Hall | 2 | |
| Beastiary | 1 | |
| Spirit Lodge | 1 | |
35 total
» build order
00:08 Altar of Storms
00:17 Orc Burrow
00:53 Barracks
01:13 War Mill
01:38 Orc Burrow
03:13 Watch Tower
03:20 Watch Tower
03:46 Voodoo Lounge
08:09 Stronghold
09:47 Watch Tower
09:48 Watch Tower
10:01 Orc Burrow
11:19 Watch Tower
11:20 Watch Tower
12:09 Fortress
13:05 Watch Tower
13:43 Voodoo Lounge
14:26 Watch Tower
18:05 Watch Tower
18:46 Watch Tower
19:07 Great Hall
19:41 Orc Burrow
20:10 Watch Tower
20:11 Watch Tower
21:26 Watch Tower
21:30 Watch Tower
22:44 Beastiary
22:49 Watch Tower
22:51 Watch Tower
22:51 Watch Tower
25:30 Orc Burrow
25:59 Orc Burrow
27:36 Orc Burrow
27:54 Spirit Lodge
33:02 Great Hall
» items
| Periapt of Vitality | 1 | |
| Healing Salve | 5 | |
| Scroll of Speed | 2 | |
| Dust of Appearance | 2 | |
| Boots of Speed | 1 | |
| Orb of Lightning | 1 | |
| Lesser Clarity Potion | 1 | |
13 total
White_Rose (
orange | 56 APM | 4128 actions | 73:59)
6 Dark Ranger
2 Black Arrow
3 Life Drain
1 Charm
5 Death Knight
3 Death Coil
2 Unholy Aura
» actions
| Basic commands | 5 | |
| Build / train | 111 | |
| Enter build submenu | 32 | |
| Enter hero's abilities submenu | 11 | |
| Give item / drop item | 5 | |
| Right click | 2634 | |
| Select / deselect | 1152 | |
| Use ability | 178 | |
4128 total
» units
| Acolyte | 18 | |
| Ghoul | 4 | |
| Crypt Fiend | 8 | |
| Obsidian Statue | 4 | |
| Frost Wyrm | 5 | |
| Meatwagon | 12 | |
| Goblin Zeppelin | 4 | |
| Gargoyle | 9 | |
64 total
» upgrades
| Creature Attack | 3 | |
| Creature Carapace | 4 | |
| Destroyer Form | 1 | |
| Web | 1 | |
| Burrow | 1 | |
| Freezing Breath | 1 | |
| Disease Cloud | 1 | |
| Unholy Strength | 1 | |
13 total
» buildings
| Graveyard | 1 | |
| Crypt | 1 | |
| Ziggurat | 13 | |
| Altar of Darkness | 2 | |
| Tomb of Relics | 1 | |
| Spirit Tower | 4 | |
| Nerubian Tower | 2 | |
| Halls of the Dead | 1 | |
| Black Citadel | 1 | |
| Slaughterhouse | 1 | |
| Sacrificial Pit | 1 | |
| Boneyard | 2 | |
30 total
» build order
00:13 Graveyard
00:22 Crypt
00:50 Ziggurat
01:11 Altar of Darkness
01:51 Tomb of Relics
02:16 Ziggurat
02:39 Ziggurat
03:40 Spirit Tower
03:41 Nerubian Tower
04:54 Halls of the Dead
05:38 Ziggurat
08:09 Black Citadel
08:37 Slaughterhouse
08:43 Sacrificial Pit
11:12 Ziggurat
11:14 Ziggurat
11:15 Ziggurat
12:16 Spirit Tower
13:30 Nerubian Tower
14:52 Boneyard
16:28 Boneyard
17:32 Spirit Tower
23:28 Ziggurat
23:31 Ziggurat
32:33 Ziggurat
32:35 Ziggurat
32:36 Ziggurat
32:37 Ziggurat
34:01 Spirit Tower
60:17 Altar of Darkness
» items
| Dust of Appearance | 6 | |
| Boots of Speed | 1 | |
| Sacrificial Skull | 2 | |
| Potion of Mana | 1 | |
| Potion of Healing | 1 | |
| Healing Salve | 2 | |
13 total
Chat log
(01:01 / Allies) 194: ill just watch i am legend and be depressed
(01:01 / Allies) 194: tt
(01:19 / Allies) TheNumber1-B: smoke one of ur stepdads plants
(01:29 / All) White_Rose: tower rush?
(01:33 / Allies) 194: o_o
(01:38 / All) 194: whats a tower
(02:08 / Allies) 194: actually
(02:17 / Allies) 194: i planned on getting high tonight anyways
(02:22 / Allies) TheNumber1-B: ahahaha
(03:35 / Allies) TheNumber1-B: i better get a nap after this one
(03:41 / Allies) 194: these kids hack
(03:42 / Allies) 194: sigh
(04:08 / Allies) TheNumber1-B: then they just saw me get 2 tomes of exp
(04:10 / Allies) TheNumber1-B: thats right
(04:53 / Allies) TheNumber1-B: we will fe to test the hack
(06:53 / Allies) 194: i saw
(07:08 / Allies) TheNumber1-B: so weak
(07:49 / Allies) TheNumber1-B: dr
(08:38 / Allies) TheNumber1-B: bmbmb
(10:13 / Allies) TheNumber1-B: made a dk and making shades
(10:24 / Allies) 194: k
(11:36 / Allies) TheNumber1-B: agh
(11:37 / Allies) TheNumber1-B: ill be back
(12:10 / Allies) TheNumber1-B: send peons
(12:17 / Allies) TheNumber1-B: they cant out expo us 8)
(15:11 / Allies) 194: wow
(15:12 / Allies) TheNumber1-B: ????
(15:13 / Allies) 194: fucking lag
(16:05 / All) Ex3cutor: ...
(22:15 / All) Ex3cutor: gg leave
(22:18 / All) 194: rofl
(43:02 / All) 194: oh im sorry
(43:08 / All) 194: where you using that?
(43:10 / All) Ex3cutor: ur in my way
(43:12 / All) Ex3cutor: yes,
(43:13 / All) Ex3cutor: move
(43:23 / All) 194: i like it here
(44:45 / All) 194: nope using that one
(44:46 / All) 194: sorry
(44:51 / All) Ex3cutor: so i see
(47:15 / All) 194: o ok
(48:48 / All) 194: gg leave
(49:00 / All) Ex3cutor: i'll wait
(49:08 / All) Ex3cutor: so u can kill all the buildings
(49:13 / All) 194: k
(74:02 / All) 194: gg leave
(74:09 / All) Ex3cutor: gg start killing buildings
(74:11 / All) Ex3cutor: i'm gong afk
(74:13 / All) 194: k
(74:19 / All) 194: i got an expo anyway bottom right
(74:20 / All) 194: enjoy
(74:26 / All) Ex3cutor: thanks
(77:01 / All) 194: afk huh
(77:10 / All) Ex3cutor: yep
(77:16 / All) Ex3cutor: just wanted to slow u down
(77:17 / All) 194: you're doing it wrong
(78:20 / All) Ex3cutor: actually i won't be an asshole
(78:28 / All) Ex3cutor: do u guys do this every game?
(78:32 / All) 194: yes
(78:36 / All) Ex3cutor: ok well gg